 Dungeon Crawl Stone Soup version 0.29-a0-973-gac7da5f7f0 (webtiles) character file.

Game seed: 9028446700652776666

134 jlumianski the Chopper (level 4, 0/35 HPs)
             Began as a Demonspawn Fighter on July 31, 2022.
             Was an Initiate of Qazlal.
             Slain by an orc
             ... wielding a +0 falchion
              (3 damage)
             ... on level 2 of the Dungeon.
             The game lasted 00:07:33 (1797 turns).

jlumianski the Chopper (Demonspawn Fighter)         Turns: 1797, Time: 00:07:34

Health: 0/35       AC:  8    Str: 18    XL:     4   Next: 95%
Magic:  4/4        EV: 13    Int: 11    God:    Qazlal [......]
Gold:   122        SH:  4    Dex: 13    Spells: 3/3 levels left

rFire   . . .      SeeInvis .   a - +0 war axe
rCold   . . .      Faith    .   c - +0 buckler
rNeg    . . .      Spirit   .   b - +0 scale mail
rPois   .          Reflect  .   t - +2 hat {Stlth+}
rElec   .          Harm     .   (no cloak)
rCorr   .          Rampage  .   (no gloves)
Will    .....                   (no boots)
Stlth   +.........              (no amulet)
HPRegen 0.11/turn               j - +4 ring of slaying
MPRegen 0.09/turn               p - +4 ring of evasion

@: no status effects
A: big brain 1
a: Renounce Religion


You were on level 2 of the Dungeon.
You worshipped Qazlal.
Qazlal was noncommittal.
You visited 2 branches of the dungeon, and saw 5 of its levels.

You collected 122 gold pieces.

Inventory:

Hand Weapons
 a - a +0 war axe (weapon)
Missiles
 f - 22 stones
 s - 4 boomerangs (quivered)
 v - 5 poisoned darts
Armour
 b - a +0 scale mail (worn)
 c - a +0 buckler (worn)
 m - a +0 helmet
 t - a +2 hat of stealth (worn)
Jewellery
 j - a +4 ring of slaying (left hand)
 o - a ring of resist corrosion
 p - a +4 ring of evasion (right hand)
Scrolls
 e - 2 scrolls of identify {unknown}
 g - 4 scrolls of blinking {unknown}
 h - a scroll of brand weapon {unknown}
 i - a scroll of noise {unknown}
 k - a scroll of enchant armour {unknown}
 l - a scroll of butterflies {unknown}
 q - a scroll of vulnerability {unknown}
 r - a scroll of fear {unknown}
Potions
 d - a potion of might


   Skills:
 + Level 3.4 Fighting
 + Level 3.6 Axes
 + Level 3.3 Armour
 + Level 0.3 Dodging
 + Level 2.9 Shields


You had 3 spell levels left.
You didn't know any spells.
Your spell library contained the following spells:

 Spells                   Type           Power      Damage    Failure   Level
 Magic Dart               Conj           0%         1d3       82%         1
 Call Imp                 Summ           0%         N/A       91%         2
 Searing Ray              Conj           0%         2d4       91%         2
 Conjure Flame            Conj/Fire      0%         6-21      99%         3
 Ignite Poison            Fire/Tmut/Pois 0%         N/A       99%         3
 Mephitic Cloud           Conj/Pois/Air  0%         N/A       99%         3
 Fulminant Prism          Conj/Hex       0%         3d6       100%        4
 Sticky Flame             Conj/Fire      0%         2d3       100%        4


Dungeon Overview and Level Annotations

Branches:
Dungeon (4/15)             Temple (1/1) D:4

Altars:
Gozag
Qazlal
Ru
Sif Muna
Wu Jian

Annotations:
D:4 Eustachio


Innate Abilities, Weirdness & Mutations

You have an unusually large brain. (Int +2)


Message History

The orc wizard points at you and mumbles some strange words.
The magic dart hits you.
There is an escape hatch in the floor here.
You're too confused to move!
You slash the orc priest!
The orc priest is almost dead.
The orc priest hits you but does no damage.
You bump into the rock wall.
The orc priest hits you with a +0 club.
* * * LOW HITPOINT WARNING * * *
You bump into the rock wall.
You feel less confused.
The orc wizard hits you with a +0 dagger.
* * * LOW HITPOINT WARNING * * *
The orc barely misses you. The orc priest hits you with a +0 club.
* * * LOW HITPOINT WARNING * * *
You slash the orc priest!
You kill the orc priest!
Qazlal accepts your kill.
You hit the orc. You hit the orc wizard. The orc wizard closely misses you.
The orc barely misses you. The orc attacks as you move away!
The orc hits you with a +0 whip.
* * * LOW HITPOINT WARNING * * *
The orc attacks as you move away! The orc barely misses you.
The orc wizard misses you.
The orc wizard attacks as you move away!
The orc wizard hits you but does no damage.
The orc attacks as you move away! The orc closely misses you.
The orc attacks as you move away! The orc misses you.
You see here a +0 trident.
There is a stone staircase leading up here.
You climb upwards.
Reactivating autopickup.
There is a stone staircase leading down here.
Okay, then.
There is an escape hatch in the ceiling here.
You block the orc's attack. A mysterious force pulls you upwards.
The hatch slams shut behind you.
There is a shaft here.
The orc attacks as you move away! The orc hits you with a +0 falchion.
You die...

#####.##.....######.....#
....#.....##....†.......#
...........#######......#
..............####......#
..........<.#..#........#
............##.#.###....#
.................# #.####
............###o####.#
............# #.@....##
...........## #####...#
....#.....## #...#
############### #...#
##...#...## #...#
##.........## #...#
#####...........# #...#
................# #..>#
#####...........# #...#


You could see an orc.

Vanquished Creatures
  An orc priest (D:4)
  An iguana (Temple)
  4 adders
  A dart slug (D:2)
  3 ball pythons (D:2)
  6 bats
  5 endoplasms
  3 giant cockroaches
  2 goblins (D:1)
  A hobgoblin (D:1)
  3 jackals (D:1)
  2 kobolds (D:1)
  2 quokkas (D:2)
  5 frilled lizards
  2 rats
41 creatures vanquished.

Notes
Turn   | Place    | Note
-------+----------+-------------------------------------------
     0 | D:1      | jlumianski the Demonspawn Fighter began the quest for the
                  | Orb.
     0 | D:1      | Reached XP level 1. HP: 18/18 MP: 1/1
   282 | D:1      | Gained mutation: You have an unusually large brain. (Int
                  | +2) [demonic ancestry]
   282 | D:1      | Reached XP level 2. HP: 24/24 MP: 2/2
   593 | D:1      | Reached XP level 3. HP: 29/29 MP: 3/3
  1279 | D:4      | Noticed Eustachio
  1281 | D:4      | Noticed a black bear
  1402 | D:4      | Found a staircase to the Ecumenical Temple.
  1413 | Temple   | Entered the Ecumenical Temple
  1422 | Temple   | Reached XP level 4. HP: 20/35 MP: 4/4
  1442 | Temple   | Became a worshipper of Qazlal Stormbringer
  1774 | D:4      | HP: 1/35 [orc/+0 whip (1)]
  1797 | D:2      | Slain by an orc

Illustrated notes

Levels and vault maps discovered:
D:1:      dpeg_arrival_water_temple_mockup, layout_basic,
          hellmonk_ecumenical_altar_run_dry
D:2:      layout_rooms
D:3:      layout_loops_ring, grunt_temple_overflow_open, serial_shops,
          nicolae_lakefront_shop, uniq_crazy_yiuf_cottage, uniq_jessica,
          uniq_ijyb
D:4:      layout_loops_ring, minmay_temple_entry_mini_moons,
          gup_sewer_entry_bowl, uniq_eustachio
Temple:   nicolae_temple_god_jail

Skill      XL: |  1  2  3 |
---------------+----------+-----
Armour         | 3 |  3.3
Axes           | 2 3 |  3.6
Fighting       | |  3.4
Dodging        | |  0.3
Shields        | |  2.9

Action                   |  1- 3 |  4- 6 || total
-------------------------+-------+-------++-------
Melee: War axe           |    89 |    12 ||   101
  Use: Potion            |     1 |     2 ||     3
Armor: Scale mail        |    39 |    11 ||    50
Dodge: Dodged            |    48 |    19 ||    67
Block: Buckler           |    24 |     2 ||    26

Table legend: (Time is in decaauts)
 A = Elapsed time spent in this place.
 B = Non-inter-level travel time spent in this place.
 C = Inter-level travel time spent in this place.
 D = Time resting spent in this place.
 E = Time spent auto-exploring this place.
 F = Levels seen in this place.
 G = Mean time per level.
                   A        B        C        D        E       F      G
               +--------+--------+--------+--------+--------+-----+--------+
         Total |   1840 |   1840 |      0 |    349 |    575 |   5 |  368.0 |
       Dungeon |   1788 |   1788 |      0 |    349 |    575 |   4 |  447.0 |
        Temple |     51 |     51 |      0 |      0 |      0 |   1 |   51.0 |
               +--------+--------+--------+--------+--------+-----+--------+

Top non-repeatable levels by time:
     D:1: 739 daAuts
     D:2: 519 daAuts
     D:3: 297 daAuts
     D:4: 231 daAuts
  Temple: 51 daAuts
